 Dungeon Crawl Stone Soup version 0.31-a0-222-gefeffbb62a (webtiles) character file.

Game seed: 11256214093457366365

126 qw the Shooter (level 4, -2/37 HPs)
             Began as a Minotaur Hexslinger on July 4, 2023.
             Slain by a gnoll
             ... wielding a +0 club
              (5 damage)
             ... on level 3 of the Dungeon.
             The game lasted 00:00:43 (1906 turns).

qw the Shooter (Minotaur Hexslinger)                Turns: 1906, Time: 00:00:44

Health: -2/37      AC:  5    Str: 13    XL:     4   Next: 84%
Magic:  4/4        EV: 11    Int: 10    God:
Gold:   124        SH:  0    Dex: 14    Spells: 4/5 levels left

rFire   + . .        Y - +3 sling
rCold   . . .        (no shield)
rNeg    . . .        e - +0 ring mail
rPois   .            (helmet restricted)
rElec   .            (no cloak)
rCorr   .            (no gloves)
SInv    .            (no boots)
Will    .....        (no amulet)
Stlth   +            f - ring of protection from fire
HPRegen 0.26/turn    (no ring)
MPRegen 0.09/turn

%: no passive effects
@: no status effects
A: horns 2, retaliatory headbutt
a: no special abilities


You were on level 3 of the Dungeon.
You visited 1 branch of the dungeon, and saw 3 of its levels.

You collected 124 gold pieces.


Innate Abilities, Weirdness & Mutations

You have a pair of horns on your head.
You reflexively headbutt those who attack you in melee.


   Skills:
 + Level 2.4 Fighting
 - Level 5.0 Ranged Weapons
 - Level 1.4 Armour
 - Level 2.1 Dodging
 - Level 1.0 Spellcasting
 - Level 2.0 Hexes


You had 4 spell levels left.
You knew the following spells:

 Your Spells              Type           Power      Damage    Failure   Level
a - Slow                  Hex            16%        N/A       32%         1

Your spell library contained the following spells:

 Spells                   Type           Power      Damage    Failure   Level
 Inner Flame              Hex/Fire       2%         N/A       82%         3
 Portal Projectile        Hex/Tloc       4%         N/A       82%         3
 Cause Fear               Hex            2%         N/A       97%         4

Inventory:

Hand Weapons
 Y - a +3 sling (weapon)
Armour
 e - a +0 ring mail (worn)
Jewellery
 a - a ring of fire
 f - a ring of protection from fire (left hand)
Scrolls
 c - 3 scrolls of identify
 d - a scroll of enchant armour {unknown}
Potions
 b - 3 potions of curing
 h - a potion of might
 i - a potion of attraction {unknown}
 k - a potion of berserk rage {unknown}

Dungeon Overview and Level Annotations

Branches:
Dungeon (3/15)

Altars:

Annotations:
D:3 3 runed translucent doors, qw's ghost, amateur GrFi


Message History

The gnoll is moderately wounded.
A gnoll comes into view. It is wielding a +0 club.
The gnoll hits you with a +0 flail! x2
You shoot a sling bullet.
The sling bullet hits the gnoll but does no damage.
The gnoll is moderately wounded.
The gnoll hits you with a +0 flail.
You shoot a sling bullet.
The sling bullet hits the gnoll but does no damage.
The gnoll is moderately wounded.
The gnoll hits you but does no damage.
You shoot a sling bullet.
The sling bullet closely misses the gnoll.
The sling bullet hits the gnoll but does no damage.
The gnoll misses you. You furiously retaliate!
You headbutt the gnoll. The gnoll hits you with a +0 flail.
You shoot a sling bullet. The sling bullet hits the gnoll!
You kill the gnoll!
You shoot a sling bullet.
The sling bullet hits the gnoll but does no damage.
The gnoll hits you with a +0 club.
You shoot a sling bullet.
The sling bullet closely misses the gnoll.
The sling bullet hits the gnoll.
The gnoll is moderately wounded.
The gnoll closely misses you.
You shoot a sling bullet. The sling bullet hits the gnoll.
The gnoll is lightly wounded.
The gnoll completely misses you. You furiously retaliate!
You headbutt the gnoll. The gnoll hits you with a +0 club.
You shoot a sling bullet.
The sling bullet barely misses the gnoll.
The sling bullet hits the gnoll.
The gnoll is severely wounded.
The gnoll hits you with a +0 club.
You shoot a sling bullet.
The sling bullet barely misses the gnoll.
The sling bullet closely misses the gnoll.
The gnoll hits you with a +0 club.
You die...

#......}.....#
##...........#
##.........##
##########......##
#.......#########
#.#####.# .# #.# #.#
.# ######.#
#.#####..# .....<.#
#....@gg.#
###################.#
##.........#
##.#######.# ##.#
###.#######. ##.#
#........... ##.##
#.#.#######. ....#
#.#.# ##..# #.#.#


You could see 2 gnolls.

Vanquished Creatures
  A gnoll (D:3)
  6 adders
  A worm (D:2)
  5 dart slugs
  3 ball pythons
  3 endoplasms
  3 giant cockroaches
  4 goblins
  6 hobgoblins
  2 quokkas
  5 bats
  3 frilled lizards
  7 kobolds
  A rat (D:1)
50 creatures vanquished.

Notes
Turn   | Place    | Note
-------+----------+-------------------------------------------
     0 | D:1      | qw the Minotaur Hexslinger began the quest for the Orb.
     0 | D:1      | Reached XP level 1. HP: 16/16 MP: 1/1
     0 | D:1      | 0 ||| qw: Version: 0.3-a-46-gb1f654a
     0 | D:1      | 0 ||| qw: Game counter: 857
     0 | D:1      | 0 ||| qw: Melee chars always use a shield: true
     0 | D:1      | 0 ||| qw: God list: Okawaru
     0 | D:1      | 0 ||| qw: Allow faded altars: false
     0 | D:1      | 0 ||| qw: Do Orc after clearing Dungeon:15 true
     0 | D:1      | 0 ||| qw: Do second Lair branch before Depths: true
     0 | D:1      | 0 ||| qw: Lair rune preference: random
     0 | D:1      | 0 ||| qw: Goals: Normal
     0 | D:1      | 0 ||| PLANNING D:1-11
   176 | D:1      | Reached skill level 3 in Ranged Weapons
   248 | D:1      | Reached XP level 2. HP: 23/23 MP: 2/2
   363 | D:1      | Found a faded altar of an unknown god.
   733 | D:1      | 733 ||| UPGRADING to +0 ring mail.
   743 | D:1      | 743 ||| DROPPING +0 robe.
   744 | D:1      | 744 ||| UPGRADING to ring of protection from fire.
   745 | D:1      | 745 ||| READING scroll labelled XALUPT SAUZA.
   746 | D:1      | 746 ||| READING scroll labelled UTAOME EHIFF.
   747 | D:1      | 747 ||| DRINKING 2 murky red potions.
   748 | D:1      | 748 ||| DROPPING scroll of poison.
   785 | D:2      | Reached XP level 3. HP: 29/29 MP: 3/3
   870 | D:2      | Identified the +1 hand axe of Divine Expedience {flame,
                  | rC++ Int+2}
   886 | D:2      | Reached skill level 4 in Ranged Weapons
  1035 | D:2      | Reached skill level 1 in Armour
  1039 | D:2      | Reached XP level 4. HP: 36/36 MP: 4/4
  1532 | D:2      | 1532 ||| DROPPING scarf of shadows.
  1533 | D:2      | 1533 ||| READING scroll labelled NALAGI CILIU.
  1537 | D:2      | 1537 ||| READING scroll labelled JAMMUEROZU.
  1538 | D:2      | 1538 ||| READING scroll labelled OPHOTO RYCHO.
  1539 | D:2      | 1539 ||| READING scroll labelled FAMEUQ RAYZXUA.
  1540 | D:2      | 1540 ||| DRINKING 3 clear potions.
  1627 | D:3      | 1627 ||| READING scroll of enchant weapon.
  1627 | D:3      | 1627 ||| ENCHANTING +2 sling.
  1705 | D:3      | Found a runed translucent gate.
  1709 | D:3      | Found a runed translucent gate.
  1710 | D:3      | Found a runed translucent gate.
  1711 | D:3      | Noticed qw's ghost (amateur GrFi)
  1809 | D:3      | Reached skill level 5 in Ranged Weapons
  1900 | D:3      | HP: 7/36 [gnoll/+0 flail (4)]
  1905 | D:3      | HP: 3/37 [gnoll/+0 club (1)]
  1906 | D:3      | Slain by a gnoll

Levels and vault maps discovered:
D:1:      shiori_arrival_elements, layout_basic, shapermc_ecumenical_altar_gd,
          kennysheep_decorative_pillar
D:2:      layout_basic
D:3:      layout_loops_ring, mainiacjoe_overflow_catwalk,
          gammafunk_ghost_necromancy, kennysheep_potato

Skill      XL: |  1  2  3  4 |
---------------+-------------+-----
Ranged Weapons | 3 4 5 |  5.0
Fighting       | 2 |  2.4
Armour         | 1 |  1.4
Dodging        | |  2.1
Spellcasting   | |  1.0
Hexes          | |  2.0

Action                     |  1- 3 |  4- 6 || total
---------------------------+-------+-------++-------
   Fire: Sling             |   118 |    53 ||   171
    Use: Scroll            |     2 |     5 ||     7
         Potion            |     1 |     1 ||     2
 Armour: Robe              |     6 |       ||     6
         Ring mail         |     7 |     5 ||    12
  Dodge: Dodged            |    31 |    14 ||    45

Table legend:
 A = Non-vault XP
 B = Vault XP
 C = Vault XP percentage of total XP
 D = Non-vault monster count
 E = Vault monster count
 F = Vault count percentage of total count
                 A         B        C        D         E       F
            +---------+---------+-------+---------+---------+-------
      Total |     177 |       4 |   2.2 |      49 |       1 |   2.0
            +---------+---------+-------+---------+---------+-------
        D:1 |      39 |       0 |   0.0 |      21 |       0 |   0.0
        D:2 |     100 |       0 |   0.0 |      19 |       0 |   0.0
        D:3 |      38 |       4 |   9.5 |       9 |       1 |  10.0
            +---------+---------+-------+---------+---------+-------
